 Dungeon Crawl Stone Soup version 0.29-a0-582-ge82337ba6a (webtiles) character file.

Game seed: 2974400868507029875

37 Gibbon the Sneak (level 3, -1/25 HPs)
             Began as an Octopode Brigand on June 14, 2022.
             Slain by a goblin
             ... wielding a +0 dagger
             ... led by Robin
              (2 damage)
             ... on level 2 of the Dungeon.
             The game lasted 00:06:55 (1047 turns).

Gibbon the Sneak (Octopode Brigand)                 Turns: 1047, Time: 00:06:56

Health: -1/25      AC:  1    Str: 10    XL:     3   Next: 39%
Magic:  3/3        EV: 13    Int: 13    God:
Gold:   41         SH:  0    Dex: 15    Spells: 2/2 levels left

rFire   . . .      SeeInvis .   a - +2 dagger
rCold   . . .      Faith    .   (no shield)
rNeg    . . .      Spirit   .   (helmet restricted)
rPois   .          Reflect  .   (no amulet)
rElec   .          Harm     .   (no ring)
rCorr   .          Rampage  .   (no ring)
Will    .....                   (no ring)
Stlth   ++++......              (no ring)
HPRegen 0.08/turn               (no ring)
MPRegen 0.08/turn               (no ring)
                                (no ring)
                                (no ring)

@: hasted, very quick
A: almost no armour, amphibious, 8 rings, camouflage 1, gelatinous body 1,
(nimble swimmer 1), tentacles
a: no special abilities


You were on level 2 of the Dungeon.
You visited 1 branch of the dungeon, and saw 2 of its levels.

You collected 65 gold pieces.
You spent 24 gold pieces at shops.

Inventory:

Hand Weapons
 a - a +2 dagger (weapon)
Missiles
 b - 8 poisoned darts (quivered)
 c - 2 curare-tipped darts
Scrolls
 h - a scroll of teleportation {unknown}
 k - a scroll of amnesia {unknown}
 l - a scroll of magic mapping {unknown}
 m - a scroll of enchant armour {unknown}
Potions
 f - a potion of haste
 g - a potion of attraction {unknown}
 i - a potion of flight {unknown}
 j - a potion of lignification {unknown}


   Skills:
 + Level 2.3 Fighting
 + Level 2.4 Short Blades
 + Level 2.3 Throwing
 + Level 1.5 Dodging
 + Level 5.7 Stealth


You had 2 spell levels left.
You didn't know any spells.
Your spell library was empty.

Dungeon Overview and Level Annotations

Branches:
Dungeon (2/15)

Altars:

Shops:
D:1 ?


Innate Abilities, Weirdness & Mutations

You cannot wear most types of armour.
You are amphibious.
You can wear up to eight rings at the same time.
Your skin changes colour to match your surroundings (Stealth+).
Your rubbery body absorbs attacks. (AC +1, EV +1)
((You are camouflaged when in or above water. (Stealth+)))
You have tentacles for arms and can constrict up to eight enemies at once.


Message History

Aim: Robin, wielding a +0 spear, wearing a +0 animal skin and wearing a +0 helmet (heavily wounded, very poisoned, slow, 68% to hit)
Okay, then.
Throw: 9 darts (poison)
Press: ? - help, Shift-Dir - straight line, f/p - Robin
Aim: Robin, wielding a +0 spear, wearing a +0 animal skin and wearing a +0 helmet (heavily wounded, very poisoned, slow, 68% to hit)
You throw a poisoned dart. The poisoned dart hits Robin.
Robin looks even sicker.
Robin is heavily wounded.
The hobgoblin hits you. The hobgoblin attacks as you move away!
The hobgoblin misses you. The hobgoblin attacks as you move away!
The hobgoblin misses you. Robin throws the goblin at you!
The goblin unwields a +0 hunting sling.
The goblin wields a +0 club.
The goblin barely misses you. The hobgoblin hits you.
The goblin hits you with a +0 club. Robin closely misses you.
You hit Robin. You grab Robin. You squeeze Robin.
You kill Robin!
The goblin hits you with a +0 club. x2
You closely miss the goblin. Your grab misses the goblin.
You feel much better. The goblin closely misses you.
The goblin hits you with a +0 dagger. The goblin barely misses you.
You feel yourself speed up. The goblin barely misses you.
The goblin hits you with a +0 club. The goblin hits you with a +0 dagger.
The goblin hits you with a +0 club.
Unknown command.
You closely miss the goblin. You grab the goblin.
You squeeze the goblin, but do no damage.
You constrict the goblin. The goblin hits you with a +0 dagger.
The goblin hits you with a +0 club.
* * * LOW HITPOINT WARNING * * *
The goblin hits you with a +0 dagger.
* * * LOW HITPOINT WARNING * * *
The goblin closely misses you.
As you read the scroll labelled CEKHLIYCVUS, it crumbles to dust.
The scroll dissolves into smoke.
It was a scroll of fog.
You constrict the goblin. The goblin barely misses you.
The goblin hits you with a +0 dagger.
* * * LOW HITPOINT WARNING * * *
The goblin hits you with a +0 dagger.
You die...

............# #..
.......<....## ..
.............##.#
........).....#!#
>...............######
......................
####......§§g§§#
##.....§ggg##
##...#gg@## #########


You could see 2 hobgoblins and 4 goblins.

Vanquished Creatures
  Robin (D:2)
  3 ball pythons (D:1)
  3 endoplasms (D:1)
  A giant cockroach (D:1)
  5 goblins
  3 hobgoblins (D:1)
  A quokka (D:1)
  3 bats (D:1)
  2 frilled lizards (D:1)
  2 rats (D:1)
  2 toadstools (D:1)
26 creatures vanquished.

Vanquished Creatures (others)
  2 toadstools (D:1)
2 creatures vanquished.

Grand Total: 28 creatures vanquished

Notes
Turn   | Place    | Note
-------+----------+-------------------------------------------
     0 | D:1      | Gibbon the Octopode Brigand began the quest for the Orb.
     0 | D:1      | Reached XP level 1. HP: 14/14 MP: 1/1
   276 | D:1      | Reached XP level 2. HP: 18/19 MP: 2/2
   369 | D:1      | Found Liomn's Magic Scroll Shop.
   379 | D:1      | Bought a scroll of identify for 24 gold pieces
   952 | D:2      | Noticed Robin
   960 | D:1      | Reached XP level 3. HP: 8/24 MP: 3/3
  1042 | D:2      | Killed Robin
  1047 | D:2      | HP: 1/25 [goblin/+0 dagger[Robin] (1)]
  1047 | D:2      | Slain by a goblin

Illustrated notes

Levels and vault maps discovered:
D:1:      ldierk_water_garden, layout_loops_cross, serial_shops, shop,
          hex_large, chequers_jeans
D:2:      layout_rooms, basic_ecumenical_altar, serial_shops,
          nicolae_shop_hallway_plus, uniq_robin, uniq_natasha

Action                   || total
-------------------------++-------
Melee: Dagger            ||    43
       Constrict         ||    11
       Tentacles         ||     6
Throw: Dart              ||     2
  Use: Scroll            ||     3
       Potion            ||     3
 Stab: Sleeping          ||     8
Armor: Skin              ||     4
Dodge: Dodged            ||    29

Table legend: (Time is in decaauts)
 A = Elapsed time spent in this place.
 B = Non-inter-level travel time spent in this place.
 C = Inter-level travel time spent in this place.
 D = Time resting spent in this place.
 E = Time spent auto-exploring this place.
 F = Levels seen in this place.
 G = Mean time per level.
                   A        B        C        D        E       F      G
               +--------+--------+--------+--------+--------+-----+--------+
         Total |   1042 |   1042 |      0 |    165 |      0 |   2 |  521.0 |
       Dungeon |   1042 |   1042 |      0 |    165 |      0 |   2 |  521.0 |
               +--------+--------+--------+--------+--------+-----+--------+

Top non-repeatable levels by time:
     D:1: 1025 daAuts
     D:2: 17 daAuts
